 Dungeon Crawl Stone Soup version 0.31-a0-466-g98c9adc2b6 (webtiles) character file.

Game seed: 5712619925062893359

677 tzeol the Trooper (level 7, -1/56 (60) HPs)
             Began as a Red Draconian Reaver on Aug 5, 2023.
             Slain by a wight
             ... wielding a +1 short sword
              (3 damage)
             ... on level 4 of the Dungeon.
             The game lasted 00:17:38 (2652 turns).

tzeol the Trooper (Red Draconian Reaver)            Turns: 2652, Time: 00:17:39

HP:   -1/56 (60)    AC:  7    Str: 19    XL:     7   Next: 33%
MP:   10/10         EV: 12    Int: 14    God:
Gold: 140           SH:  0    Dex:  9    Spells: 10/11 levels left

rFire   + . .        h - +5 spear of Zeraustru {freeze, Str+3 SInv}
rCold   . . .        d - orb {mayhem}
rNeg    . . .        (body armour unavailable)
rPois   .            (helmet restricted)
rElec   .            (no cloak)
rCorr   .            b - +0 pair of gloves
SInv    +            (no boots)
Will    .....        (no amulet)
Stlth   +            (no ring)
HPRegen 0.29/turn    (no ring)
MPRegen 0.12/turn

%: mayhem
@: drained
A: breathe fire, AC +6, unfitting armour, fire resistance 1, cold-blooded
a: Breathe Fire


You were on level 4 of the Dungeon.
You visited 1 branch of the dungeon, and saw 4 of its levels.

You collected 140 gold pieces.

Inventory:

Hand Weapons
 h - the +5 spear of Zeraustru (weapon) {freeze, Str+3 SInv}
   (You found it on level 2 of the Dungeon)

   Str:       It affects your strength (+3).
   SInv:      It lets you see invisible.
 j - a +0 dagger of venom
 k - a +1 flail of protection
Missiles
 i - 6 boomerangs
 l - 5 poisoned darts
Armour
 b - a +0 pair of gloves (worn)
 d - an orb of mayhem (worn)
 f - a +0 ring mail of cold resistance
Magical Staves
 e - a staff of conjuration
Talismans
 g - a beast talisman
Wands
 a - a wand of flame (16)
Scrolls
 c - 2 scrolls of identify


   Skills:
 + Level 4.4 Fighting
 + Level 4.4(5.0) Polearms
 + Level 3.3(4.4) Staves
 + Level 4.1 Dodging
 + Level 1.0 Stealth
 + Level 2.5 Spellcasting
 + Level 3.5 Conjurations
 + Level 0.4 Necromancy


You had 10 spell levels left.
You knew the following spells:

 Your Spells              Type           Power      Damage    Failure   Level
a - Kiss of Death         Conj/Necr      28%        2d7       10%         1

Your spell library contained the following spells:

 Spells                   Type           Power      Damage    Failure   Level
 Momentum Strike          Conj/Tloc      12%        3d8       16%         2
 Hailstorm                Conj/Ice       6%         3d4       32%         3


Dungeon Overview and Level Annotations

Branches:
Dungeon (4/15)
 Temple: D:4-7

Altars:


Innate Abilities, Weirdness & Mutations

You can breathe blasts of fire.
Your fiery red scales are hard. (AC +6)
You cannot fit into any form of body armour.
Your flesh is heat resistant. (rF+)
You are cold-blooded and may be slowed by cold attacks.


Message History

The wight is destroyed!
Your Dodging skill increases to level 4!
You hit the wight.
The wight is moderately damaged.
The wight completely misses the wight.
The wight barely misses you.
You hit the wight.
The wight is severely damaged.
The wight barely misses the wight.
You puncture the wight!
You destroy the wight!
The wight hits you with a +1 short sword.
Your Stealth skill increases to level 1!
You hit the wight.
The wight is moderately damaged.
The wight hits you with a +1 short sword!
You feel drained.
You hit the wight.
The wight is severely damaged.
The wight barely misses you.
You barely miss the wight.
The wight is severely damaged.
The wight barely misses you.
You hit the wight.
The wight is severely damaged.
The wight closely misses you.
The wight hits you with a +1 short sword!
* * * LOW HITPOINT WARNING * * *
You hit the wight.
The wight is almost destroyed.
The wight completely misses you.
You hit the wight but do no damage.
The wight is almost destroyed.
The wight hits you with a +1 short sword.
* * * LOW HITPOINT WARNING * * *
You closely miss the wight.
The wight is almost destroyed.
The wight hits you with a +1 short sword!
* * * LOW HITPOINT WARNING * * *
You feel drained.
You die...

.... .. .... ...
... ..> #.#
#.###
.#######.##.....
.............#
.......<)...#
.#######z######
#.@†....#
#.......#
#.........
#.......##
#.......#
#.......#
#.......#
#########


You could see a neutral wight (fast, strong, insane).

Vanquished Creatures
  Grinder (D:3)
  Sigmund (D:2)
  A wight (D:4)
  Jessica (D:2)
  Ijyb (D:3)
  Natasha (thrice) (D:2)
  2 worms (D:2)
  8 orcs
  3 ball pythons
  3 endoplasms
  3 giant cockroaches
  5 goblins
  4 hobgoblins
  2 quokkas
  3 bats (D:2)
  2 frilled lizards
  4 kobolds
  8 rats
55 creatures vanquished.

Vanquished Creatures (collateral kills)
  2 wights (D:4)
  An orc (D:3)
  A hobgoblin (D:2)
  A bat (D:2)
5 creatures vanquished.

Vanquished Creatures (others)
  A hobgoblin (D:3)
1 creature vanquished.

Grand Total: 61 creatures vanquished

Notes
Turn   | Place    | Note
-------+----------+-------------------------------------------
     0 | D:1      | tzeol the Draconian Reaver began the quest for the Orb.
     0 | D:1      | Reached XP level 1. HP: 17/17 MP: 3/3
   361 | D:1      | You fall into a shaft and drop 1 floor!
   410 | D:1      | Reached XP level 2. HP: 19/24 MP: 5/5
  1110 | D:2      | Noticed Natasha
  1129 | D:2      | Killed Natasha
  1130 | D:2      | Reached XP level 3. HP: 4/22 MP: 3/6
  1279 | D:2      | Reached skill level 1 in Staves
  1355 | D:2      | Identified the +5 spear of Zeraustru {freeze, Str+3 SInv}
  1366 | D:2      | Noticed Natasha
  1367 | D:2      | Noticed Jessica
  1378 | D:2      | Killed Natasha
  1379 | D:2      | Reached XP level 4. HP: 9/29 MP: 5/7
  1403 | D:2      | Killed Jessica
  1632 | D:2      | Noticed Natasha
  1643 | D:2      | Killed Natasha
  1678 | D:2      | Noticed Sigmund
  1681 | D:2      | Reached XP level 5. HP: 41/41 MP: 8/8
  1698 | D:2      | Killed Sigmund
  1699 | D:2      | Reached XP level 6. HP: 24/52 MP: 9/9
  1968 | D:3      | Noticed Grinder
  2005 | D:3      | Killed Grinder
  2228 | D:3      | Noticed Ijyb
  2236 | D:3      | Killed Ijyb
  2294 | D:3      | Your scales start taking on a fiery red colour.
  2294 | D:3      | Reached XP level 7. HP: 54/59 MP: 10/10
  2294 | D:3      | Gained mutation: Your flesh is heat resistant. (rF+) [Red
                  | Draconian growth]
  2646 | D:4      | Reached skill level 1 in Stealth
  2652 | D:4      | HP: 2/57 [wight/+1 short sword (9)]
  2652 | D:4      | Slain by a wight

Illustrated notes

Levels and vault maps discovered:
D:1:      lightli_arrival_statuegarden, layout_basic
D:2:      layout_loops_corners, shapermc_ecumenical_altar_hornbeckon,
          grunt_ministairs_14, chequers_serial_rivers_marsh,
          nicolae_houndstooth_variations, uniq_jessica, uniq_natasha,
          uniq_sigmund
D:3:      layout_basic, uniq_ijyb, uniq_crazy_yiuf_cottage, uniq_grinder
D:4:      layout_rooms, minmay_temple_entry_antechambers, serial_demonic,
          serial_demonic_e, serial_demonic_d, serial_demonic_f,
          serial_demonic_e, serial_demonic_e, serial_demonic_d, enter_ossuary_3,
          kennysheep_generic_room_15

Skill      XL: |  1  2  3  4  5  6  7 |
---------------+----------------------+-----
Dodging        | 2 3 4 |  4.1
Staves         | 1 2 3 |  3.3
Fighting       | 3 4 |  4.4
Polearms       | 4 |  4.4
Stealth        | 1 |  1.0
Spellcasting   | |  2.5
Conjurations   | |  3.5
Necromancy     | |  0.4

Action                     |  1- 3 |  4- 6 |  7- 9 || total
---------------------------+-------+-------+-------++-------
  Melee: Staff             |   119 |       |       ||   119
         Tailslap          |    13 |     7 |     3 ||    23
         Spear             |    10 |    47 |    30 ||    87
   Cast: Kiss of Death     |     5 |     1 |       ||     6
    Use: Potion            |     4 |     1 |       ||     5
         Scroll            |     1 |     3 |       ||     4
 Armour: Skin              |    48 |    10 |     4 ||    62
  Dodge: Dodged            |   103 |    27 |    17 ||   147

Table legend: (Time is in decaauts)
 A = Elapsed time spent in this place.
 B = Non-inter-level travel time spent in this place.
 C = Inter-level travel time spent in this place.
 D = Time resting spent in this place.
 E = Time spent auto-exploring this place.
 F = Levels seen in this place.
 G = Mean time per level.
                   A        B        C        D        E       F      G
               +--------+--------+--------+--------+--------+-----+--------+
         Total |   2686 |   2347 |    339 |      0 |      0 |   4 |  671.5 |
       Dungeon |   2686 |   2347 |    339 |      0 |      0 |   4 |  671.5 |
               +--------+--------+--------+--------+--------+-----+--------+

Top non-repeatable levels by time:
     D:2: 1229 daAuts
     D:1: 736 daAuts
     D:3: 698 daAuts
     D:4: 21 daAuts
